 Dungeon Crawl Stone Soup version 0.30.0 (webtiles) character file.

Game seed: 15354329200988723569

16879 Bouncy the Warrior (level 12, -3/88 HPs)
             Began as a Gargoyle Berserker on Nov 20, 2023.
             Was a High Priest of Trog.
             Slain by a skeletal warrior
             ... wielding a +2 halberd of venom
              (19 damage)
             ... on level 12 of the Dungeon.
             The game lasted 00:43:05 (11259 turns).

Bouncy the Warrior (Gargoyle Berserker)            Turns: 11259, Time: 00:43:06

Health: -3/88      AC: 34    Str: 25    XL:     12   Next: 42%
Magic:  12/12      EV:  7    Int:  9    God:    Trog [*****.]
Gold:   452        SH:  2    Dex:  9    Spells: 11/11 levels left

rFire   . . .        c - +10 morningstar "Eos" {elec, Halo rElec}
rCold   . . .        t - +0 buckler
rNeg    + + .        D - +9 plate armour "Xopyn" {rElec rPois}
rPois   ∞            (no helmet)
rElec   +            (no cloak)
rCorr   .            (no gloves)
SInv    .            j - +2 pair of boots
Will    ++...        l - amulet of the acrobat Stlth
                     q - +4 ring of slaying
HPRegen 1.34/turn    r - ring of positive energy
MPRegen 0.13/turn

%: acrobat
@: strong-willed, regenerating, glowing
A: sickness immunity, AC +8, negative energy resistance 1, electricity
resistance, torment resistance 1, petrification resistance
a: Renounce Religion, Berserk, Trog's Hand, Brothers in Arms


You were on level 12 of the Dungeon.
You worshipped Trog.
Trog was extremely pleased with you.
You visited 1 branch of the dungeon, and saw 14 of its levels.

You collected 872 gold pieces.
You spent 420 gold pieces at shops.

Inventory:

Hand Weapons
 c - the +10 morningstar "Eos" (weapon) {elec, Halo rElec}
   (You acquired it on level 6 of the Dungeon)

   Halo:      It grants its wielder a halo, revealing invisible creatures and
   increasing accuracy against all within it other than the wielder.
   rElec:     It insulates you from electricity.
Armour
 j - a +2 pair of boots (worn)
 t - a +0 buckler (worn)
 D - the +9 plate armour "Xopyn" (worn) {rElec rPois}
   (You found it on level 14 of the Dungeon)

   rElec:     It insulates you from electricity.
   rPois:     It protects you from poison.
Jewellery
 l - an amulet of the acrobat (around neck)
 n - an amulet of reflection
 q - a +4 ring of slaying (left hand)
 r - a ring of positive energy (right hand)
 y - a ring of ice
Wands
 o - a wand of roots (2)
 p - a wand of quicksilver (18) (quivered)
 B - a wand of flame (10)
Scrolls
 e - 3 scrolls of blinking
 f - 2 scrolls of teleportation
 g - 2 scrolls of identify
 h - 2 scrolls of magic mapping
 m - a scroll of poison
 x - 2 scrolls of brand weapon
 C - a scroll of fear
Potions
 a - 2 potions of lignification
 b - 10 potions of curing
 d - 2 potions of heal wounds
 i - a potion of mutation
 k - 3 potions of might
 s - 3 potions of flight
 u - a potion of haste
 w - 2 potions of resistance
 z - a potion of invisibility
 A - 2 potions of magic


   Skills:
 + Level 15.6 Fighting
 - Level 12.7 Maces & Flails
 + Level 8.0 Armour
 - Level 1.5 Dodging


You had 11 spell levels left.
You didn't know any spells.
Your spell library was empty.

Dungeon Overview and Level Annotations

Branches:
Dungeon (14/15)            Temple (0/1) D:7            Lair (0/5) D:10
    Orc: D:9-12      Vaults: D:13-14

Altars:
Ashenzari
Elyvilon
Kikubaaqudgha
Nemelex Xobeh
Sif Muna
Yredelemnul
The Shining One

Shops:
D:5 *   D:6 [   D:7 !


Innate Abilities, Weirdness & Mutations

You are immune to sickness and miasma.
Your stone body is resilient. (AC +8)
You are immune to poison.
You resist negative energy. (rN+)
You are resistant to electric shocks. (rElec)
You are resistant to unholy torment.
You are immune to petrification.


Message History

You puncture the skeletal warrior!
The skeletal warrior is heavily damaged.
The skeletal warrior hits you but does no damage. x2
You puncture the skeletal warrior!
Lightning courses through the skeletal warrior!!
The skeletal warrior is almost destroyed.
The skeletal warrior hits you but does no damage.
You block the skeletal warrior's attack.
You barely miss the skeletal warrior.
The skeletal warrior is almost destroyed.
The skeletal warrior hits you from afar with a +2 halberd of venom.
The skeletal warrior hits you but does no damage.
You hit the skeletal warrior.
The skeletal warrior is almost destroyed.
The skeletal warrior hits you but does no damage.
The skeletal warrior hits you with a +0 mace!
You impale the skeletal warrior!!
You destroy the skeletal warrior!
Trog accepts your kill.
The skeletal warrior hits you from afar with a +2 halberd of venom.
Your Armour skill increases to level 8!
The skeletal warrior misses you.
Things that are here:
a +0 mace; a +0 flail
Found a rapier.
The skeletal warrior hits you with a +2 halberd of venom!
* * * LOW HITPOINT WARNING * * *
Found a stone staircase leading down.
The skeletal warrior barely misses you.
You thump the skeletal warrior!
The skeletal warrior is lightly damaged.
The skeletal warrior hits you but does no damage.
You hit the skeletal warrior but do no damage.
Lightning courses through the skeletal warrior!
The skeletal warrior is moderately damaged.
The skeletal warrior hits you with a +2 halberd of venom!
* * * LOW HITPOINT WARNING * * *
You hit the skeletal warrior but do no damage.
The skeletal warrior is moderately damaged.
The skeletal warrior hits you with a +2 halberd of venom!!
You die...

#>.. ...... ....#
##.......
.....###........
..............).
...............
...............
...........#
.......@z..#
...........#
.........).#
.#####..)..#####
#..........
#..........
#..†........
...#####..†........
.........)†........


You could see a skeletal warrior.

Vanquished Creatures
  3 two-headed ogres
  3 skeletal warriors (D:12)
  An ugly thing (D:14)
  2 cyclopes
  A manticore (D:11)
  Maurice (D:10)
  A gargoyle (D:14)
  A kobold demonologist (D:14)
  A freezing wraith (D:14)
  A komodo dragon (D:10)
  2 trolls (D:9)
  A wraith (D:11)
  A centaur simulacrum (D:12)
  15 yaks
  2 shadows
  A vampire (D:14)
  A wyvern (D:9)
  3 steam dragons
  4 vampire mosquitoes (D:12)
  6 water moccasins
  2 acid dragons
  4 orc warriors
  4 ice beasts
  A sky beast (D:6)
  An ogre (D:4)
  5 black bears
  5 centaurs
  2 phantoms (D:4)
  2 kobold brigands
  4 bullfrogs
  2 gnoll sergeants
  5 scorpions
  11 wights
  9 killer bees
  A howler monkey (D:9)
  3 electric eels (D:11)
  10 orc priests
  2 sleepcaps
  5 hounds
  A gnoll bouda (D:7)
  5 iguanas
  3 jellies
  15 orc wizards
  2 human simulacra (D:11)
  A mummy (D:4)
  16 gnolls
  8 adders
  3 worms
  7 dart slugs
  50 orcs
  9 ball pythons
  5 bats
  5 endoplasms
  2 giant cockroaches
  8 goblins
  7 hobgoblins
  25 kobolds
  8 quokkas
  5 frilled lizards
  A kobold zombie (D:4)
  An orc zombie (D:4)
  7 rats
323 creatures vanquished.

Vanquished Creatures (others)
  13 fungi
  46 plants
59 creatures vanquished.

Grand Total: 382 creatures vanquished

Notes
Turn   | Place    | Note
-------+----------+-------------------------------------------
     0 | D:1      | Bouncy the Gargoyle Berserker began the quest for the Orb.
     0 | D:1      | Reached XP level 1. HP: 14/14 MP: 1/1
   171 | D:1      | Reached XP level 2. HP: 13/19 MP: 2/2
   732 | D:2      | Reached ** piety under Trog
   733 | D:2      | Reached XP level 3. HP: 14/24 MP: 3/3
   844 | D:2      | Reached skill level 4 in Fighting
  1408 | D:2      | Found a faded altar of an unknown god.
  1821 | D:3      | Identified the +4 dagger "Gofaepn" {heavy, Contam rN+++
                  | rCorr Str-3}
  1826 | D:3      | Reached XP level 4. HP: 30/30 MP: 4/4
  1980 | D:3      | Reached XP level 5. HP: 34/34 MP: 5/5
  2345 | D:3      | Found a basalt altar of Yredelemnul.
  2405 | D:3      | Reached skill level 5 in Fighting
  3223 | D:4      | Reached skill level 5 in Maces & Flails
  3242 | D:4      | Noticed a phantom
  3250 | D:4      | Killed a phantom
  3251 | D:4      | Reached XP level 6. HP: 41/41 MP: 6/6
  3255 | D:4      | Reached *** piety under Trog
  3388 | D:4      | Reached skill level 6 in Fighting
  3442 | D:4      | Noticed a black bear
  3446 | D:4      | Reached XP level 7. HP: 43/47 MP: 7/7
  3777 | D:4      | Found a white marble altar of Elyvilon.
  3872 | D:4      | Reached skill level 7 in Fighting
  4151 | D:5      | Entered Level 5 of the Dungeon
  4216 | D:4      | Reached XP level 8. HP: 11/53 MP: 8/8
  4698 | D:5      | Reached skill level 8 in Fighting
  5133 | D:5      | Found Cada's CLEARANCE SALE!.
  5160 | D:5      | Found a glowing golden altar of the Shining One.
  5298 | D:6      | Found Ataggut's Armour Shop.
  5355 | D:6      | Reached skill level 9 in Fighting
  5473 | D:6      | Reached XP level 9. HP: 52/60 MP: 9/9
  5924 | D:6      | Reached skill level 10 in Fighting
  6101 | D:6      | Bought a +1 plate armour of fire resistance for 420 gold
                  | pieces
  6113 | D:6      | Identified a scroll of acquirement
  6113 | D:6      | Acquired the +10 morningstar "Eos" {elec, Halo rElec}
  6113 | D:6      | Found the +10 morningstar "Eos" {elec, Halo rElec}
  6252 | D:7      | Reached **** piety under Trog
  6288 | D:7      | Found a staircase to the Ecumenical Temple.
  6311 | D:7      | Reached skill level 10 in Maces & Flails
  6369 | D:7      | Found a broken altar of Ashenzari.
  6465 | D:7      | Reached skill level 11 in Fighting
  6556 | D:7      | Identified the +3 dagger "Loalowae" {flame, rN+}
  6772 | D:7      | Found Liock's Distillery.
  6887 | D:8      | Reached XP level 10. HP: 70/70 MP: 10/10
  6914 | D:8      | Reached ***** piety under Trog
  6964 | D:8      | Received a gift from Trog
  7636 | D:9      | Reached skill level 12 in Fighting
  8074 | D:9      | Found an ancient bone altar of Kikubaaqudgha.
  8449 | D:10     | Entered Level 10 of the Dungeon
  8462 | D:10     | Reached skill level 13 in Fighting
  8462 | D:10     | Reached XP level 11. HP: 39/78 MP: 11/11
  8700 | D:10     | Found a shimmering blue altar of Sif Muna.
  8768 | D:10     | Found a sparkling altar of Nemelex Xobeh.
  8794 | D:10     | Noticed Maurice
  8805 | D:10     | Killed Maurice
  9060 | D:10     | Found a staircase to the Lair.
  9165 | D:10     | Noticed a two-headed ogre
  9172 | D:10     | Killed a two-headed ogre
  9840 | D:11     | Reached skill level 14 in Fighting
 10157 | D:11     | Noticed a manticore
 10169 | D:11     | Killed a manticore
 10455 | D:11     | Noticed a cyclops
 10464 | D:11     | Killed a cyclops
 10475 | D:11     | Reached skill level 5 in Armour
 10510 | D:11     | Noticed a two-headed ogre
 10515 | D:11     | Killed a two-headed ogre
 10663 | D:11     | You fall into a shaft and drop 3 floors!
 10775 | D:14     | Identified the +9 plate armour "Xopyn" {rElec rPois}
 10991 | D:13     | Noticed a cyclops
 10992 | D:13     | Noticed a white ugly thing
 10998 | D:14     | Reached XP level 12. HP: 69/86 MP: 12/12
 11061 | D:14     | Reached skill level 15 in Fighting
 11201 | D:12     | Noticed a two-headed ogre
 11210 | D:12     | Killed a two-headed ogre
 11259 | D:12     | Slain by a skeletal warrior

Illustrated notes

Levels and vault maps discovered:
D:1:      dpeg_arrival_solitude, layout_loops_ring
D:2:      layout_basic, hellmonk_ecumenical_altar_leap_of_faith,
          minmay_tetromino_t4
D:3:      layout_basic, old_standard_altar,
          nicolae_concentric_dashed_squares_mild, minmay_joined_circles
D:4:      layout_cave_pods, elyvilon_altar_1, nicolae_ossuary_entry_giza
D:5:      layout_cave_pools, mainiacjoe_overflow_alcove_1,
          nicolae_shop_clearance
D:6:      layout_loops_cross, serial_shops, nicolae_shop_crystal,
          grunt_ministairs_8, minmay_diced_spiral
D:7:      layout_loops_ring, mainiacjoe_overflow_catwalk,
          minmay_temple_entry_glassed_door, serial_shops,
          nicolae_shop_industrial_runoff
D:8:      layout_basic
D:9:      layout_loops_cross, mainiacjoe_overflow_boulevard
D:10:     layout_layer_cave, nicolae_sif_muna_condensation,
          nemelex_spade_bored_becter, due_lair_maze_entry_diamond, uniq_maurice
D:11:     layout_rooms, erik_orc_2, serial_bayou, serial_bayou_pond_b,
          serial_bayou_pond_d, serial_bayou_lagoon_a, serial_bayou_shore_b,
          bh_circular_ruins
D:12:     layout_big_octagon, minivault_24, minmay_misc_feat_iff, uniq_frances
D:13:     layout_roguey, grunt_vaults_entry_tiered, serial_corexii_hall,
          corexii_hall_statues_t, chequers_hall_statues_wall_a,
          chequers_hall_statues_wall_a, chequers_hall_statues_corner_a,
          minmay_fractal_squares_gapless_5
D:14:     minmay_the_grid_square_5x5_4x4_mashed
          [minmay_the_grid_square_5x5_six_small,
          minmay_the_grid_square_5x5_seven,
          minmay_the_grid_square_5x5_spiral_small,
          minmay_the_grid_square_5x5_moneybag,
          minmay_the_grid_square_5x5_one_wall,
          minmay_the_grid_square_5x5_prize_junk,
          minmay_the_grid_square_5x5_prize_monsterx,
          minmay_the_grid_square_5x5_beaten_path,
          minmay_the_grid_square_5x5_fat_x,
          minmay_the_grid_square_5x5_prize_open,
          minmay_the_grid_square_5x5_prize_gold,
          minmay_the_grid_square_5x5_sharp_hourglass,
          minmay_the_grid_square_5x5_hollow_slash,
          minmay_the_grid_square_5x5_hourglass, minmay_the_grid_square_5x5_plus,
          minmay_the_grid_square_5x5_two_walls_b], layout_gridville,
          hangedman_glass_teeth, nicolae_water_bricks

Skill      XL: |  1  2  3  4  5  6  7  8  9 10 11 12 |
---------------+-------------------------------------+-----
Fighting       | 4 5 6 7 9 11 13 14 15 | 15.6
Maces & Flails | 4 5 6 8 10 11 12 | 12.7
Armour         | 6 8 |  8.0
Dodging        | |  1.5

Action                     |  1- 3 |  4- 6 |  7- 9 | 10-12 || total
---------------------------+-------+-------+-------+-------++-------
  Melee: Mace              |   158 |   115 |   206 |       ||   479
         Punch             |       |     1 |     4 |       ||     5
         Morningstar       |       |       |    43 |   294 ||   337
 Invoke: Berserk           |     1 |     2 |     3 |     4 ||    10
         Trog's Hand       |       |     3 |     5 |     6 ||    14
  Evoke: Wand              |       |       |       |     4 ||     4
    Use: Scroll            |       |    13 |     8 |     5 ||    26
         Potion            |       |       |     1 |     2 ||     3
 Armour: Leather armour    |    66 |    70 |       |       ||   136
         Scale mail        |       |    30 |   264 |       ||   294
         Plate armour      |       |       |    18 |   357 ||   375
  Dodge: Dodged            |   104 |   142 |   191 |   212 ||   649
  Block: Buckler           |       |       |       |    39 ||    39
